AoeStats
← Count Foxbat

Arabia

510296522Analyzed
1v1 RM · 1d ago on Sep 30, 2026· 31m 42s· 2 players
Game mode
Random Map
Map size
Tiny (2 player)
Population
200
Speed
Normal
Resources
Standard
Victory
Conquest
Starting age
Dark Age
Ending age
Imperial Age
RankedLock teamsTeams togetherTeam positionsShared explorationLock speedFull tech treeHidden civsTurbo modeCheats
Victory
Defeat
🇩🇪 Franks · Germany
796
+31
🇹🇼 Poles · Taiwan
818
-17
Count Foxbat
7:11 Loom
11:06 Feudal Age
13:11 Scale Barding Armor
19:18 Wheelbarrow
19:14 Double-Bit Axe
23:21 Castle Age
24:19 Husbandry
28:30 Chain Barding Armor
SparedLace8400
2:52 Loom
9:42 Feudal Age
10:14 Double-Bit Axe
14:08 Bloodlines
18:35 Horse Collar
22:45 Castle Age
23:03 Gold Mining
23:50 Scale Barding Armor
23:41 Pikeman
25:54 Stone Mining
28:57 Forging
Connection lost

Rejoining the realm…

Still unreachable

The connection could not be restored.

Session expired

The server has moved on; the page needs a fresh start.